 Dungeon Crawl Stone Soup version 0.27.1-4-g1640c2035a (webtiles) character file.

Game seed: 8150811474496184051

180047 tizbic2 the Warrior (level 17, -26/161 (198) HPs)
             Began as an Ogre Berserker on Nov 15, 2021.
             Was the Champion of Trog.
             Killed from afar by a halazid warlock (52 damage)
             ... with a ghostly fireball
             ... in the Desolation of Salt.
             The game lasted 04:06:46 (29687 turns).

tizbic2 the Warrior (Ogre Berserker)               Turns: 29687, Time: 04:06:46

HP:   -26/161 (198) AC: 13    Str: 25    XL:     17   Next: 57%
MP:   5/5           EV: 19    Int:  8    God:    Trog [******]
Gold: 1797          SH: 17    Dex: 18    Spells: 16/16 levels left

rFire    + . .     SeeInvis .   D - +5 mace (antimagic)
rCold    . . .     Faith    .   L - +4 kite shield {rF+}
rNeg     . . .     Spirit   .   E - +0 acid dragon scales
rPois    .         Reflect  .   j - +1 hat
rElec    .         Harm     .   d - +2 cloak
rCorr    +         Rampage  .   (gloves unavailable)
Will     ++...                  (boots unavailable)
Stlth    +++++.....             P - amulet "Unlomem" {Acrobat Regen+ Dex+3 Stlth+}
HPRegen  1.36/turn              k - +4 ring of evasion
MPRegen  0.09/turn              f - ring of willpower

@: on berserk cooldown, hasted and slowed, heavily drained
A: large, unfitting armour, tough skin 1, thin skeletal structure 1, camouflage
1
}: 2/15 runes: serpentine, barnacled
a: Renounce Religion, Berserk, Trog's Hand, Brothers in Arms


You were in the Desolation of Salt.
You worshipped Trog.
Trog was exalted by your worship.
You visited 6 branches of the dungeon, and saw 28 of its levels.
You also visited: Desolation.

You collected 2664 gold pieces.
You spent 867 gold pieces at shops.

Inventory:

Hand Weapons
 a - a +2 hunting sling of flaming
 w - the +6 mace of the Modern Tales {chaos, rCorr}
   (You found it on level 6 of the Dungeon)

   Each time it hits an enemy it has a different, random effect.
   rCorr:     It protects you from acid and corrosion.
 D - a +5 antimagic mace (weapon)
Missiles
 i - 7 datura-tipped darts
 l - 6 curare-tipped darts
 n - 190 poisoned darts (quivered)
 H - 247 sling bullets
 I - 4 large rocks
Armour
 d - a +2 cloak (worn)
 j - a +1 hat (worn)
 E - +0 acid dragon scales (worn)
 L - a +4 kite shield of fire resistance (worn)
Jewellery
 f - a ring of willpower (right hand)
 k - a +4 ring of evasion (left hand)
 q - a ring of see invisible
 x - a +6 ring of dexterity
 P - the amulet "Unlomem" (around neck) {Acrobat Regen+ Dex+3 Stlth+}
   (You found it on level 4 of the Lair of Beasts)

   [amulet of the acrobat]

   It increases your evasion while moving and waiting.
   Dex:       It affects your dexterity (+3).
   Regen:     It increases your rate of health regeneration.
   Stlth:     It makes you more stealthy.
 T - a ring of protection from cold
 Y - a ring of flight
Wands
 c - a wand of flame (14)
 t - a wand of charming (8)
 C - a wand of paralysis (14)
 G - a wand of iceblast (15)
 O - a wand of acid (11)
 X - a wand of polymorph (15)
Scrolls
 b - 4 scrolls of fog
 m - 8 scrolls of teleportation
 o - 5 scrolls of magic mapping
 r - 4 scrolls of fear
 v - 2 scrolls of enchant weapon
 A - 2 scrolls of silence
 B - a scroll of vulnerability
 J - 2 scrolls of enchant armour
 M - a scroll of summoning
 R - a scroll of holy word
 V - a scroll of identify
Potions
 e - 5 potions of might
 g - 2 potions of haste
 h - 2 potions of mutation
 p - 4 potions of flight
 s - a potion of attraction {unknown}
 u - 3 potions of lignification {unknown}
 y - 3 potions of curing
 F - a potion of resistance {unknown}
 K - a potion of brilliance {unknown}
 N - 2 potions of invisibility {unknown}
 Q - 2 potions of cancellation
 Z - a potion of berserk rage
Miscellaneous
 z - a lightning rod (4/4)
 S - a box of beasts
 U - a box of beasts


   Skills:
 * Level 19.0 Fighting
 - Level 15.9 Maces & Flails
 - Level 4.1 Slings
 * Level 7.7 Armour
 + Level 10.8 Dodging
 - Level 3.0 Stealth
 + Level 12.4 Shields


You had 16 spell levels left.
You didn't know any spells.
Your spell library was empty.

Dungeon Overview and Level Annotations

Branches:
Dungeon (12/15)            Temple (0/1) D:7            Lair (5/6) D:9
 Shoals (4/4) Lair:2        Snake (4/4) Lair:3        Slime (0/5) Lair:5
    Orc (2/2) D:12            Elf (1/3) Orc:2       Desolation (1/1)

Altars:
Ashenzari
Cheibriados
Dithmenos
Elyvilon
Fedhas
Gozag
Hepliaklqana
Kikubaaqudgha
Sif Muna
Trog
Uskayaw
Vehumet
Wu Jian
Xom
Beogh

Shops:
D:1 ?   D:12 (   Orc:2 (![(   Shoals:1 :   Shoals:3 *   Shoals:4 (   Snake:2 =

Annotations:
D:10 2 transporters
Shoals:3 Polyphemus
Snake:4 Vashnia
Orc:2 2 transporters, GlazedDonut's ghost, journeyman MiBe


Innate Abilities, Weirdness & Mutations

You are too large for most types of armour.
You have tough skin. (AC +1)
You have a somewhat thin skeletal structure. (Dex +2, Stealth+)
Your skin changes colour to match your surroundings (Stealth+).


Message History

As you read the scroll of blinking, it crumbles to dust.
You block the peacekeeper's attack. x2; The peacekeeper completely misses you. x2
The peacekeeper bites you but does no damage.
The peacekeeper completely misses you.
The peacekeeper no longer looks unusually strong.
You block the saltling's attack.
A saltling comes into view.
You block the peacekeeper's attack. The peacekeeper completely misses you.
The halazid warlock casts a spell.
The saltling closely misses you.
You feel yourself speed up.
The ragged hierophant shouts!
The saltling no longer looks unusually strong.
The servant of whispers dissolves into shadows!
The saltling dissolves into shadows!
You block the peacekeeper's attack. x2
The halazid warlock gestures at you while chanting.
The bolt of negative energy hits the saltling.
The saltling completely resists.
The bolt of negative energy hits the saltling.
The saltling completely resists.
The bolt of negative energy misses you. The saltling hits you.
* * * LOW HITPOINT WARNING * * *
The peacekeeper misses you.
The peacekeeper claws you but does no damage.
The ragged hierophant mumbles some strange words.
The ragged hierophant begins to accept its allies' injuries.
The saltling completely misses you.
The halazid warlock points at the saltling and mumbles some strange words.
The saltling's animating energy erupts into ghostly fire!
The ghostly flame explodes!
The ghostly fireball engulfs the peacekeeper.
The peacekeeper completely resists.
The ghostly fireball engulfs the saltling.
The saltling completely resists.
The ghostly fireball engulfs the peacekeeper.
The peacekeeper completely resists.
The ghostly fireball engulfs the saltling.
The saltling completely resists.
The ghostly fireball engulfs you!!!
You feel drained.
You die...

.....##........
......#........
...§...........§
§§.§§§..........
§§§§§§.§§.....§.
.§§§.§§§§....§§.
§§§..§§§..#.....
.§§§§§a.......§§ §
§.a..@......§
§§.§§§§8.88.....§
§§§.§§a§888..§..§..
§§.§§§§§8a......#.§§
§§§§§§§§§L####.§§§..
..§§§§.§## .##..§..
...§§§§8# ....##...
..§§§§#L#.....# ...
....§.§.8a...... ..


You could see a ragged hierophant (summoned), 2 servants of whispers, an
imperial myrmidon (sheltered), a halazid warlock (sheltered), a crystal guardian
(summoned, sheltered), 2 peacekeepers and 4 saltlings.

Vanquished Creatures
  A kraken (Shoals:2)
  3 nagarajas
  The ghost of Xiemaice the Destroyer, a journeyman DrFE of Vehumet (Lair:3)
  A slime creature (D:12)
  Azrael (Orc:2)
  4 merfolk javelineers
  6 merfolk impalers
  6 naga warriors
  A peacekeeper (Desolation)
  4 hydras
  Harold (D:9)
  2 boulder beetles
  2 merfolk avatars
  12 anacondas
  3 salamander tyrants
  A satyr (Shoals:3)
  6 merfolk aquamancers
  2 alligator snapping turtles (Shoals:4)
  A two-headed ogre (D:11)
  3 dancing weapons (Elf:1)
  Urug (Orc:1)
  4 shock serpents
  8 naga sharpshooters
  Nergalle (D:10)
  6 salamander mystics
  7 sea snakes
  5 naga ritualists
  5 deep elf pyromancers
  6 deep elf zephyrmancers (Elf:1)
  10 harpies
  10 mana vipers
  2 orc knights
  An ugly thing (D:12)
  A harpy (shapeshifter) (Shoals:3)
  An orc sorcerer (Orc:1)
  An oklob plant (Lair:5)
  18 salamanders
  12 manticores
  4 fauns
  3 centaur zombies
  7 merfolk sirens
  A cyclops (D:12)
  Maurice (Orc:2)
  21 black mambas
  2 guardian serpents
  An eye of devastation (Shoals:1)
  Joseph (D:8)
  16 naga magi
  A torpor snail (Lair:3)
  7 water nymphs
  5 cane toads
  Maggie (D:8)
  A rime drake (Lair:3)
  An unseen horror (D:12)
  5 komodo dragons
  The ghost of thromnambular the Skirmisher, an amateur GnAK of Lugonu (D:4)
  4 trolls
  3 wind drakes (Shoals:4)
  A jumping spider (shapeshifter) (Shoals:1)
  27 merfolk
  2 polar bears
  A hornet (D:8)
  A saltling (Desolation)
  20 blink frogs
  6 snapping turtles
  2 wyverns
  A tarantella (shapeshifter) (Lair:2)
  8 water elementals
  21 yaks
  3 wraiths
  A hog (Lair:1)
  Grum (D:10)
  5 fire elementals
  A golden eye (shapeshifter) (Snake:4)
  3 basilisks
  2 vampire mosquitoes (D:12)
  5 steam dragons
  Menkaure (D:5)
  10 water moccasins
  35 nagas
  A swamp worm (shapeshifter) (Lair:2)
  An acid dragon (Lair:4)
  A floating eye (Snake:3)
  4 hell hounds (Orc:2)
  3 black bears
  A sky beast (D:7)
  25 orc warriors
  10 wolves
  6 ogres
  22 centaurs
  A phantom (D:5)
  2 kobold brigands
  10 bullfrogs
  3 scorpions
  2 wyvern zombies
  2 wyvern skeletons
  3 killer bees (D:9)
  3 howler monkeys
  A lava snake (D:12)
  13 jellies
  A centaur skeleton (D:5)
  2 hounds (D:6)
  A gnoll shaman (D:9)
  3 bullfrog skeletons
  11 orc priests
  12 orc wizards
  A killer bee zombie (D:8)
  A hound skeleton (D:4)
  5 adders
  4 gnolls (D:9)
  A howler monkey skeleton (D:3)
  2 white imps (D:6)
  An ufetubus (D:5)
  An adder zombie (D:5)
  2 dart slugs
  80 orcs
  6 ball pythons
  6 bats
  5 endoplasms
  6 giant cockroaches
  6 hobgoblins
  4 jackals (D:3)
  3 quokkas
  5 frilled lizards
  7 goblins
  15 kobolds
  4 rats
  5 tentacles (Shoals:2)
717 creatures vanquished.

Vanquished Creatures (collateral kills)
  A salamander tyrant (Snake:4)
  An anaconda (Snake:4)
  A tengu warrior (D:9)
  An orc knight (D:12)
  A black mamba (Snake:4)
  A merfolk siren (Shoals:3)
  2 naga magi (Snake:4)
  A rime drake (Lair:3)
  3 merfolk (Shoals:3)
  A wind drake (Shoals:3)
  A water elemental (Shoals:3)
  2 nagas
  An orc priest (D:9)
  3 orcs (D:12)
20 creatures vanquished.

Vanquished Creatures (others)
  A merfolk aquamancer (Shoals:4)
  A deep elf zephyrmancer (Elf:1)
  2 saltlings (Desolation)
  A wind drake (Shoals:4)
  2 water elementals (Shoals:4)
  A naga (Snake:3)
  An orc warrior (Orc:2)
  A centaur (Orc:2)
  A gnoll (D:9)
  18 fungi
  64 plants
  11 tentacles (Shoals:2)
104 creatures vanquished.

Grand Total: 841 creatures vanquished

Notes
Turn   | Place    | Note
-------+----------+-------------------------------------------
     0 | D:1      | tizbic2 the Ogre Berserker began the quest for the Orb.
     0 | D:1      | Reached XP level 1. HP: 24/24 MP: 1/1
   276 | D:1      | Reached XP level 2. HP: 28/32 MP: 2/2
   359 | D:1      | Found a faded altar of an unknown god.
   507 | D:1      | Reached ** piety under Trog
   508 | D:1      | Reached XP level 3. HP: 40/40 MP: 3/3
   588 | D:1      | Found Lihysa's Magic Scroll Emporium.
  1478 | D:2      | Reached XP level 4. HP: 49/49 MP: 4/4
  1771 | D:3      | Noticed a centaur
  1788 | D:3      | Killed a centaur
  1789 | D:3      | Reached skill level 5 in Fighting
  1789 | D:3      | Reached XP level 5. HP: 14/57 MP: 5/5
  2712 | D:4      | Found a runed translucent gate.
  2713 | D:4      | Found a runed translucent gate.
  2713 | D:4      | Found a runed translucent gate.
  2713 | D:4      | Found an opulent altar of Gozag.
  2720 | D:4      | Noticed a centaur
  2720 | D:4      | Noticed thromnambular's ghost (amateur GnAK)
  2815 | D:4      | Reached XP level 6. HP: 66/66 MP: 6/6
  2972 | D:4      | Reached skill level 5 in Maces & Flails
  3045 | D:4      | Reached skill level 6 in Fighting
  3045 | D:4      | Reached XP level 7. HP: 75/75 MP: 7/7
  3161 | D:4      | Reached *** piety under Trog
  3478 | D:4      | Found a blossoming altar of Fedhas.
  3694 | D:5      | Entered Level 5 of the Dungeon
  4253 | D:5      | Found a hazy altar of Hepliaklqana.
  4276 | D:5      | Found a broken altar of Ashenzari.
  4328 | D:5      | Reached skill level 7 in Fighting
  4328 | D:5      | Reached XP level 8. HP: 87/87 MP: 8/8
  4758 | D:6      | Noticed Menkaure
  4758 | D:6      | Found an ornate altar of the Wu Jian Council.
  4758 | D:6      | Found a shimmering altar of Xom.
  4758 | D:6      | Found a radiant altar of Vehumet.
  4768 | D:5      | Killed Menkaure
  4769 | D:5      | Reached skill level 5 in Dodging
  5008 | D:6      | Identified the +6 mace of the Modern Tales {chaos, rCorr}
  5090 | D:6      | Found a bloodstained altar of Trog.
  5101 | D:6      | Reached skill level 8 in Fighting
  5141 | D:6      | Reached XP level 9. HP: 96/96 MP: 9/9
  5358 | D:6      | Gained mutation: You have a pair of small antennae on your
                  | head. [potion of mutation]
  5626 | D:6      | Found a shadowy altar of Dithmenos.
  5627 | D:6      | Found an ancient bone altar of Kikubaaqudgha.
  5628 | D:6      | Found a shimmering blue altar of Sif Muna.
  5762 | D:7      | Found a staircase to the Ecumenical Temple.
  5905 | D:7      | Found a hide-covered altar of Uskayaw.
  6024 | D:7      | Reached skill level 1 in Slings
  6117 | D:7      | Lost mutation: You have a pair of small antennae on your
                  | head. [potion of mutation]
  6117 | D:7      | Gained mutation: You have a somewhat thin skeletal
                  | structure. (Dex +2, Stealth+) [potion of mutation]
  6117 | D:7      | Gained mutation: Your skin changes colour to match your
                  | surroundings (Stealth+). [potion of mutation]
  6594 | D:8      | Reached skill level 9 in Fighting
  6601 | D:8      | Reached **** piety under Trog
  6710 | D:8      | Noticed Maggie
  6933 | D:8      | Killed Maggie
  7147 | D:8      | Found a white marble altar of Elyvilon.
  7284 | D:8      | Noticed Joseph
  7301 | D:8      | Killed Joseph
  7462 | D:8      | Reached XP level 10. HP: 107/107 MP: 10/10
  7544 | D:8      | Reached ***** piety under Trog
  8006 | D:9      | Noticed Harold
  8021 | D:9      | Killed Harold
  8022 | D:9      | Reached skill level 10 in Fighting
  8573 | D:9      | Noticed a tengu warrior
  8574 | D:9      | Found a staircase to the Lair.
  8594 | D:9      | Killed a tengu warrior
  8595 | D:9      | Reached skill level 10 in Maces & Flails
  8745 | Lair:1   | Entered Level 1 of the Lair of Beasts
  8746 | Lair:1   | Noticed a six-headed hydra
  8750 | Lair:1   | Noticed a cane toad
  8763 | Lair:1   | Killed a six-headed hydra
  8765 | Lair:1   | Killed a cane toad
  8766 | Lair:1   | Reached XP level 11. HP: 79/119 MP: 11/11
  9358 | Lair:1   | Reached skill level 11 in Fighting
 10251 | Lair:2   | Reached skill level 1 in Stealth
 11014 | Lair:2   | Noticed a glowing shapeshifter
 11014 | Lair:2   | a wolf changed into a glowing shapeshifter
 11014 | Lair:2   | Noticed a glowing orange brain
 11014 | Lair:2   | a glowing shapeshifter changed into a glowing orange brain
 11018 | Lair:2   | a glowing orange brain changed into a swamp worm
 11184 | Lair:2   | Found a staircase to the Shoals.
 11352 | Lair:2   | Reached skill level 12 in Fighting
 11352 | Lair:2   | Reached XP level 12. HP: 132/132 MP: 12/12
 11357 | Lair:2   | Found a snail-covered altar of Cheibriados.
 12663 | Lair:3   | Found a staircase to the Snake Pit.
 12885 | Lair:3   | Found a transporter.
 12887 | Lair:3   | Found a transporter.
 12889 | Lair:3   | Noticed a boulder beetle
 13236 | D:1      | Bought a scroll of acquirement for 728 gold pieces
 13236 | D:1      | Acquired a +2 kite shield of fire resistance
 13389 | D:4      | Killed thromnambular's ghost
 13707 | D:10     | Entered Level 10 of the Dungeon
 13707 | D:10     | Found a transporter.
 13738 | D:10     | Reached skill level 1 in Shields
 13738 | D:10     | Noticed Grum
 13745 | D:10     | Killed Grum
 13819 | D:10     | Noticed Nergalle
 13842 | D:10     | Killed Nergalle
 14051 | D:10     | Found a transporter.
 14318 | D:11     | Reached skill level 13 in Fighting
 14371 | D:11     | Noticed a two-headed ogre
 14393 | D:11     | Killed a two-headed ogre
 14588 | D:11     | Found a shadowy altar of Dithmenos.
 15069 | D:12     | Reached XP level 13. HP: 118/144 MP: 13/13
 15089 | D:12     | Found Ipeibep's Weapon Shop.
 15090 | D:12     | Found a staircase to the Orcish Mines.
 15410 | D:12     | Reached skill level 5 in Shields
 16563 | Lair:3   | Found a runed translucent door.
 16563 | Lair:3   | Noticed Xiemaice's ghost (journeyman DrFE)
 16698 | Lair:4   | Identified the amulet "Unlomem" {Acrobat Regen+ Dex+3
                  | Stlth+}
 17514 | Lair:5   | Found a staircase to the Slime Pits.
 17728 | Lair:5   | Reached skill level 14 in Fighting
 18422 | D:1      | Bought a scroll of enchant armour for 105 gold pieces
 18854 | Shoals:1 | Entered Level 1 of the Shoals
 18881 | Shoals:1 | Found Keel's Book Emporium.
 18930 | Shoals:1 | Identified the +10 quarterstaff of Parts Unknown {venom,
                  | rC+}
 18939 | Shoals:1 | Noticed a merfolk javelineer
 18956 | Shoals:1 | Killed a merfolk javelineer
 18972 | Shoals:1 | Reached XP level 14. HP: 130/157 MP: 14/14
 19634 | Shoals:2 | Noticed a kraken
 19706 | Shoals:2 | Killed a kraken
 19759 | Shoals:2 | Reached ****** piety under Trog
 19977 | Shoals:2 | Identified the +2 chain mail of Death's Door {rElec}
 20058 | Shoals:3 | Found Bilur's General Store.
 20090 | Shoals:3 | Received a gift from Trog
 20180 | Shoals:3 | Reached skill level 15 in Fighting
 20441 | Shoals:3 | Noticed Polyphemus
 20477 | Shoals:4 | Entered Level 4 of the Shoals
 20510 | Shoals:4 | Reached skill level 15 in Maces & Flails
 20999 | Shoals:4 | Reached XP level 15. HP: 156/167 MP: 15/15
 21010 | Shoals:4 | Reached skill level 10 in Shields
 21520 | Shoals:4 | Received a gift from Trog
 21846 | Shoals:4 | Got a barnacled rune of Zot
 21948 | Shoals:4 | Found Enaefess's Weapon Shoppe.
 22147 | Shoals:4 | Reached skill level 16 in Fighting
 22283 | Shoals:3 | Bought a scroll of identify for 34 gold pieces
 22554 | Snake:1  | Entered Level 1 of the Snake Pit
 22963 | Snake:1  | Reached skill level 1 in Armour
 23098 | Snake:1  | Received a gift from Trog
 23398 | Snake:2  | Found Ufar's Jewellery Boutique.
 23657 | Snake:2  | Noticed a nagaraja
 23675 | Snake:2  | Killed a nagaraja
 23861 | Snake:2  | Reached XP level 16. HP: 180/180 MP: 16/16
 24510 | Snake:3  | Reached skill level 17 in Fighting
 25432 | Snake:3  | Reached skill level 10 in Dodging
 25813 | Snake:3  | Reached skill level 5 in Armour
 26048 | Snake:4  | Entered Level 4 of the Snake Pit
 26380 | Snake:4  | Received a gift from Trog
 26470 | Snake:4  | Noticed Vashnia
 26526 | Snake:4  | Reached skill level 18 in Fighting
 26804 | Snake:4  | Reached XP level 17. HP: 132/193 MP: 17/17
 27220 | Snake:4  | Got a serpentine rune of Zot
 27536 | Lair:3   | Killed Xiemaice's ghost
 27742 | Orc:1    | Entered Level 1 of the Orcish Mines
 27758 | Orc:1    | Noticed Urug
 27782 | Orc:1    | Killed Urug
 28165 | Orc:2    | Entered Level 2 of the Orcish Mines
 28278 | Orc:2    | Received a gift from Trog
 28326 | Orc:2    | Found a staircase to the Elven Halls.
 28404 | Orc:2    | Noticed Maurice
 28419 | Orc:2    | Killed Maurice
 28651 | Orc:2    | Noticed Azrael
 28682 | Orc:2    | Killed Azrael
 28821 | Orc:2    | Found Omucomo's Antique Armour Emporium.
 28821 | Orc:2    | Found Touhaob's Distillery.
 28833 | Orc:2    | Found Nikk's Weapon Shoppe.
 28835 | Orc:2    | Found Xaturiv's Antique Weapon Shop.
 28882 | Orc:2    | Found a transporter.
 28892 | Orc:2    | Noticed GlazedDonut's ghost (journeyman MiBe)
 28915 | Orc:2    | Found a transporter.
 29301 | Elf:1    | Entered Level 1 of the Elven Halls
 29555 | Elf:1    | Found a shimmering blue altar of Sif Muna.
 29565 | Elf:1    | Received a gift from Trog
 29566 | Elf:1    | Reached skill level 19 in Fighting
 29623 | Elf:1    | Found a crumbling gateway.
 29635 | Desolati | Entered the Desolation of Salt
 29687 | Desolati | Killed from afar by a halazid warlock

Illustrated notes

Levels and vault maps discovered:
D:1:      shiori_arrival_elements, layout_basic,
          shapermc_ecumenical_altar_notcrosses, serial_shops,
          nicolae_square_shop, minmay_surrounded
D:2:      layout_loops_ring, minivault_14, minmay_tromino_v4_b
D:3:      layout_basic
D:4:      layout_basic, fedhas_altar_fruit_tree, ebering_ghost_gozag
D:5:      layout_loops_corners, mainiacjoe_overflow_alcove_2, ashenzari_altar_1,
          serial_park_tiny_1
D:6:      layout_basic, trog_ov_bears_minmay, grunt_temple_overflow_open,
          uniq_menkaure
D:7:      layout_rooms, nicolae_uskayaw_dance_studio,
          minmay_temple_entry_overgrown
D:8:      minmay_recursive_quarters, layout_basic, mainiacjoe_overflow_alcove_1,
          special_room [special_room_orc], lightli_orcish_oven, uniq_maggie,
          uniq_joseph
D:9:      layout_loops_corners, david_lair_shrubbed, uniq_harold
D:10:     gammafunk_wand_slinger, layout_rooms, uniq_grum, uniq_nergalle
D:11:     layout_stronghold, gauntlet_entry_generic, grunt_dithmenos_smoke
D:12:     layout_roguey, orc_david_3, kennysheep_cross_room
Lair:1:   layout_regular_city, patterned_corridor
Lair:2:   layout_cave_pods, minmay_shoals_entry_hut, basic_altar,
          chequers_serial_rivers_small_b
Lair:3:   gammafunk_boulding_lane, layout_regular_city,
          minmay_snake_entry_guardpost_small, hellmonk_ghost_happy_afterlife,
          minivault_11
Lair:4:   layout_cave_pods
Lair:5:   layout_small_grid, minmay_slime_entry_jelly_boxes
Shoals:1: layout_shoals, serial_shops, nicolae_square_shop
Shoals:2: nicolae_shoals_mermall, layout_shoals
Shoals:3: layout_shoals, serial_shops, shop, uniq_polyphemus
Shoals:4: shoals_end_hangedman, layout_shoals, serial_shops,
          nicolae_shop_crystal
Snake:1:  layout_misc_corridors, nicolae_snake_gridmaze_zigzag
Snake:2:  layout_onion, minmay_shop_enchanted_jewellery
Snake:3:  nicolae_snake_crotalidae_crossing, layout_layer_cave
Snake:4:  johnstein_snake_rune_scales, layout_misc_corridors
Orc:1:    layout_diamond_mine, uniq_urug
Orc:2:    st_orc_rangers, layout_diamond_mine, gammafunk_ghost_stat_death,
          uniq_azrael, uniq_maurice
Elf:1:    eino_elf_arrival_customs, layout_geoelf_diagonals,
          portal_desolation_entry_nicolae_slug, basic_altar,
          minmay_elf_annihilation, drop_trap, kb_rosetta
Desolation

Skill      XL: |  1  2  3  4  5  6  7  8  9 10 11 12 13 14 15 16 17 |
---------------+----------------------------------------------------+-----
Maces & Flails | 3 4 5 6 7 9 10 11 13 14 15 | 15.9
Dodging        | 3 4 5 6 7 8 9 10 | 10.8
Fighting       | 5 6 7 8 9 10 12 13 14 15 16 18 19 | 19.0
Slings         | 2 4 |  4.1
Stealth        | 2 3 |  3.0
Shields        | 4 7 9 11 12 | 12.4
Armour         | 2 6 7 |  7.7

Action                   |  1- 3 |  4- 6 |  7- 9 | 10-12 | 13-15 | 16-18 || total
-------------------------+-------+-------+-------+-------+-------+-------++-------
Melee: Mace              |   120 |   117 |   238 |   582 |  1287 |  1119 ||  3463
       Giant club        |       |     5 |    14 |       |       |       ||    19
 Fire: Hunting sling     |       |       |    18 |    43 |    28 |     4 ||    93
Throw: Stone             |    16 |    11 |       |       |       |       ||    27
       Dart              |       |     7 |    24 |     2 |    11 |     4 ||    48
Invok: Berserk           |     1 |     3 |    10 |    15 |    22 |    21 ||    72
       Trog's Hand       |       |     1 |       |     2 |     2 |     3 ||     8
       Brothers in Arms  |       |       |       |     2 |     3 |     1 ||     6
  Use: Scroll            |       |     1 |     9 |    10 |     6 |     8 ||    34
       Potion            |       |       |     3 |     4 |     6 |     3 ||    16
 Stab: Sleeping          |     1 |       |     2 |    11 |    21 |     9 ||    44
       Distracted        |       |       |       |     2 |     2 |     2 ||     6
       Confused          |       |       |       |       |     8 |    11 ||    19
       Petrifying        |       |       |       |       |     3 |     1 ||     4
       Paralysed         |       |       |       |       |     2 |     2 ||     4
Armor: Animal skin       |    42 |    51 |    26 |       |       |       ||   119
       Robe              |       |       |    12 |       |       |       ||    12
       Acid dragon scale |       |       |     5 |   122 |   127 |   152 ||   406
Dodge: Dodged            |    88 |    73 |   172 |   464 |   700 |   718 ||  2215
Block: Kite shield       |       |       |       |   112 |   934 |  1084 ||  2130
